 Dungeon Crawl Stone Soup version 0.27-a0-40-g5f2be0e231 (webtiles) character file.

Game seed: 5635452452436866627

21487 robertstho the Frost Mage (level 12, -20/89 (92) HPs)
             Began as a Gnoll Ice Elementalist on Jan 5, 2021.
             Was an Elder of Sif Muna.
             Demolished by a cane toad (23 damage)
             ... on level 5 of the Lair of Beasts.
             The game lasted 00:30:13 (18961 turns).

robertstho the Frost Mage (Gnoll Ice Elementalist) Turns: 18961, Time: 00:30:13

HP:   -20/89 (92)   AC:  9    Str: 11    XL:     12   Next: 90%
MP:   13/34         EV: 17    Int: 25    God:    Sif Muna [****..]
Gold: 1064          SH:  5    Dex: 15    Spells: 14/29 levels left

rFire    . . .     SeeInvis +   N - +3 triple sword of Cocytus {venom, rPois Int+2}
rCold    . . .     Faith    .   (shield currently unavailable)
rNeg     . . .     Spirit   .   D - +0 leather armour {rPois}
rPois    +         Reflect  +   a - +2 helmet {SInv}
rElec    .         Harm     .   (no cloak)
rCorr    +         Rampage  .   (no gloves)
Will     .....                  q - +1 pair of boots
Stlth    ++++......             G - amulet of reflection
HPRegen  0.24/turn              J - ring of resist corrosion
MPRegen  0.24/turn              u - ring of magical power

@: about to teleport, frozen ramparts, lightly drained
A: distributed training, fangs 1, strong nose
a: Renounce Religion, Channel Magic, Forget Spell, Divine Exegesis


You were on level 5 of the Lair of Beasts.
You worshipped Sif Muna.
Sif Muna was greatly pleased with you.
You visited 3 branches of the dungeon, and saw 17 of its levels.
You also visited: Ossuary.

You collected 1106 gold pieces.
You spent 42 gold pieces at shops.

Inventory:

Hand Weapons
 j - a +2 shortbow of flaming
 v - a +1 whip of flaming
 z - a +1 hand axe of holy wrath
 N - the +3 triple sword of Cocytus (weapon) {venom, rPois Int+2}
   (You acquired it on level 2 of the Lair of Beasts)

   It poisons the flesh of those it strikes.
   It affects your intelligence (+2).
   It protects you from poison.
Missiles
 e - 326 arrows
 l - 23 sling bullets
 r - 29 stones
 t - a throwing net
 S - 5 silver boomerangs
 X - 10 boomerangs of dispersal
Armour
 a - a +2 helmet of see invisible (worn)
 q - a +1 pair of boots (worn)
 D - a +0 leather armour of poison resistance (worn)
 W - a +0 troll leather armour
 Y - a +2 robe of cold resistance
Jewellery
 m - an uncursed ring of flight {unknown}
 u - a ring of magical power (right hand)
 y - an uncursed amulet of the acrobat
 G - an amulet of reflection (around neck)
 J - a ring of resist corrosion (left hand)
 K - an uncursed amulet of regeneration
 O - an uncursed ring of ice
Wands
 h - a wand of disintegration (20)
 L - a wand of digging (4)
 V - a wand of acid (9)
 Z - a wand of enslavement (11)
Scrolls
 b - 6 scrolls of remove curse
 c - 8 scrolls of teleportation
 d - 3 scrolls of amnesia {unknown}
 f - 4 scrolls of blinking {unknown}
 k - a scroll of noise {unknown}
 o - a scroll of fear {unknown}
 p - 3 scrolls of fog {unknown}
 s - 2 scrolls of immolation
 w - 6 scrolls of magic mapping
 B - 5 scrolls of enchant armour {unknown}
 M - 3 scrolls of enchant weapon {unknown}
 Q - a scroll of silence {unknown}
 T - a scroll of summoning {unknown}
Potions
 i - 2 potions of invisibility
 n - 5 potions of brilliance
 x - 3 potions of haste
 C - 2 potions of magic
 E - 4 potions of curing
 F - a potion of berserk rage
 H - 2 potions of lignification
 I - a potion of ambrosia
 P - a potion of mutation


   Skills:
 + Level 7.7 Fighting
 + Level 7.7 Short Blades
 + Level 7.7 Long Blades
 + Level 7.7 Axes
 + Level 7.7 Maces & Flails
 + Level 7.7 Polearms
 + Level 7.7 Staves
 + Level 7.7 Slings
 + Level 7.7 Bows
 + Level 7.7 Crossbows
 + Level 7.7 Throwing
 + Level 7.7 Armour
 + Level 9.1 Dodging
 + Level 8.9 Stealth
 + Level 7.7 Shields
 + Level 7.7 Unarmed Combat
 + Level 9.3 Spellcasting
 + Level 6.4 Conjurations
 + Level 6.4 Hexes
 + Level 6.4 Summonings
 + Level 6.4 Necromancy
 + Level 6.4 Translocations
 + Level 6.4 Transmutations
 + Level 6.4 Fire Magic
 + Level 9.6 Ice Magic
 + Level 6.4 Air Magic
 + Level 6.4 Earth Magic
 + Level 6.4 Poison Magic
 + Level 8.4 Invocations
 + Level 7.7 Evocations


You had 14 spell levels left.
You knew the following spells:

 Your Spells              Type           Power        Failure   Level
a - Freeze                Ice            100%         1%          1
b - Frozen Ramparts       Ice            100%         1%          3
c - Ozocubu's Armour      Ice            56%          1%          3
d - Hailstorm             Conj/Ice       51%          2%          4
e - Summon Ice Beast      Ice/Summ       51%          2%          4

Your spell library contained the following spells:

 Spells                   Type           Power        Failure   Level
 Animate Skeleton         Necr           86%          1%          1
 Pain                     Necr           100%         1%          1
 Vampiric Draining        Necr           21%          1%          3
 Animate Dead             Necr           21%          4%          4
 Agony                    Necr           43%          13%         5
 Bolt of Magma            Conj/Fire/Erth 21%          13%         5
 Iskenderun's Battlesphe  Conj           43%          13%         5
 Iron Shot                Conj/Erth      21%          58%         6
 Orb of Destruction       Conj           21%          99%         7
 Spellforged Servitor     Conj/Summ      21%          99%         7


Dungeon Overview and Level Annotations

Branches:
Dungeon (11/15)            Temple (1/1) D:6            Lair (5/6) D:10
  Swamp (0/4) Lair:3        Snake (0/4) Lair:3      Ossuary (visited)
  Slime: Lair:5-6       Orc: D:9-12

Altars:
Cheibriados
Dithmenos
Elyvilon
Fedhas
Gozag
Hepliaklqana
Kikubaaqudgha
Makhleb
Nemelex Xobeh
Okawaru
Qazlal
Ru
Sif Muna
Trog
Xom
Zin
The Shining One

Shops:
D:8 *

Annotations:
D:7 2 transporters, krigyl's ghost, novice MiFi
D:8 985 ring rc+++


Innate Abilities, Weirdness & Mutations

Your experience applies equally to all skills.
You have very sharp teeth.
Your uncanny sense of smell can sniff out nearby items.


Message History

Your bite misses the cane toad.
The cane toad is moderately wounded.
A wyvern comes into view.
The wyvern barely misses you. The hell rat misses you.
The cane toad stings you.
* * * LOW HITPOINT WARNING * * *
Casting: Hailstorm (dangerous; 2% risk of failure)
Confirm with . or Enter, or press ? or * to list all spells.
Casting: Frozen Ramparts (safe; 1% risk of failure)
Press: ? - help, Dir - look around, f - activate The walls around you are covered in ice.
The wyvern hisses angrily.
The wall freezes the wyvern.
The wyvern bites you!
* * * LOW HITPOINT WARNING * * *
The wall freezes the hell rat!
The wall freezes the hell rat. x2
The hell rat completely misses you.
A manticore comes into view.
The wall freezes the cane toad!
The cane toad seems to slow down.
The cane toad stings you!!
You die...

P#.........#.
##.........#. ∆
#.........<##
##..##P#####
##.>#### ∆
####..P...#
##l.#......#∆
##lr.†......#
+@rr#†l)l...#
......F##l.#......#
. ......#
###††.....#.#
...... #.†)lH.....
.+#.. ##..)...###.
### ##....## ##...#
##....# ....#


You could see a manticore (wandering), a cane toad (extremely poisoned, slow), 2
basilisks, 2 wyverns and 3 hell rats.

Vanquished Creatures
  2 hydras
  A boulder beetle (Lair:1)
  A two-headed ogre (D:10)
  A death yak (Lair:4)
  An unseen horror (D:11)
  A black mamba (Lair:3)
  4 cane toads
  4 komodo dragons
  3 rime drakes (Lair:5)
  2 meliai (Lair:5)
  2 trolls
  6 blink frogs
  A centaur simulacrum (D:11)
  A wraith (Ossuary)
  11 yaks
  3 wyverns
  A naga (Lair:3)
  9 water moccasins
  2 black bears
  An ice beast (D:10)
  4 orc warriors
  A sky beast (D:7)
  A phantom (D:8)
  3 ogres
  8 centaurs
  An elf zombie (Ossuary)
  Blork the orc (D:5)
  A big kobold (D:8)
  A gnoll sergeant (D:7)
  14 bullfrogs
  A water moccasin zombie (D:8)
  2 water moccasin skeletons (D:7)
  A scorpion (D:8)
  28 killer bees
  13 wights
  An electric eel (D:7)
  4 howler monkeys
  2 bullfrog zombies
  5 hounds
  A jelly (D:10)
  7 orc wizards
  4 orc priests
  2 centaur skeletons
  A bullfrog skeleton (D:8)
  A human zombie (Ossuary)
  Ijyb (D:4)
  6 iguanas
  7 worker ants
  2 hell rats (Lair:5)
  A killer bee zombie (D:9)
  2 hound skeletons
  2 hound zombies
  3 mummies (Ossuary)
  A worker ant zombie (D:5)
  10 gnolls
  10 adders
  2 shadow imps
  3 white imps
  2 ufetubi
  3 oozes
  An adder skeleton (D:6)
  A worm (D:2)
  A dart slug (D:3)
  6 leopard geckos
  32 orcs
  7 giant cockroaches
  5 goblins
  4 hobgoblins
  4 jackals
  A quokka (D:6)
  3 bats
  7 frilled lizards
  6 goblin zombies
  4 hobgoblin zombies (Ossuary)
  A jackal zombie (D:6)
  12 kobolds
  A kobold zombie (Ossuary)
  7 rats
323 creatures vanquished.

Vanquished Creatures (collateral kills)
  Fannar (Lair:3)
  2 death yaks (Lair:4)
  2 polar bears
  A meliai (Lair:5)
  2 blink frogs (Lair:3)
  An orc warrior (D:7)
  A bullfrog (Lair:4)
  A killer bee (Lair:5)
  A jelly (D:7)
  An iguana (D:7)
  2 orc wizards (D:7)
  A hell rat (Lair:5)
  2 orcs (D:7)
18 creatures vanquished.

Vanquished Creatures (others)
  14 fungi
  23 plants
37 creatures vanquished.

Grand Total: 378 creatures vanquished

Notes
Turn   | Place    | Note
-------+----------+-------------------------------------------
     0 | D:1      | robertstho the Gnoll Ice Elementalist began the quest for
                  | the Orb.
     0 | D:1      | Reached XP level 1. HP: 13/13 MP: 6/6
  1093 | D:2      | Reached XP level 2. HP: 20/20 MP: 3/7
  1096 | D:2      | Reached XP level 3. HP: 22/25 MP: 1/9
  1105 | D:2      | Reached skill level 5 in Spellcasting
  1606 | D:2      | Reached skill level 1 in Invocations
  1642 | D:2      | Learned a level 3 spell: Frozen Ramparts
  1646 | D:2      | Learned a level 3 spell: Ozocubu's Armour
  1878 | D:2      | Reached skill level 1 in Fighting
  1878 | D:2      | Reached skill level 1 in Short Blades
  1878 | D:2      | Reached skill level 1 in Long Blades
  1878 | D:2      | Reached skill level 1 in Axes
  1878 | D:2      | Reached skill level 1 in Maces & Flails
  1878 | D:2      | Reached skill level 1 in Polearms
  1878 | D:2      | Reached skill level 1 in Staves
  1878 | D:2      | Reached skill level 1 in Slings
  1878 | D:2      | Reached skill level 1 in Bows
  1878 | D:2      | Reached skill level 1 in Crossbows
  1878 | D:2      | Reached skill level 1 in Throwing
  1878 | D:2      | Reached skill level 1 in Armour
  1878 | D:2      | Reached skill level 1 in Shields
  1878 | D:2      | Reached skill level 1 in Unarmed Combat
  1878 | D:2      | Reached skill level 1 in Evocations
  1882 | D:2      | Reached XP level 4. HP: 24/32 MP: 7/11
  2056 | D:2      | Reached skill level 1 in Conjurations
  2056 | D:2      | Reached skill level 1 in Hexes
  2056 | D:2      | Reached skill level 1 in Summonings
  2056 | D:2      | Reached skill level 1 in Necromancy
  2056 | D:2      | Reached skill level 1 in Translocations
  2056 | D:2      | Reached skill level 1 in Transmutations
  2056 | D:2      | Reached skill level 1 in Fire Magic
  2056 | D:2      | Reached skill level 1 in Air Magic
  2056 | D:2      | Reached skill level 1 in Earth Magic
  2056 | D:2      | Reached skill level 1 in Poison Magic
  2545 | D:3      | Reached XP level 5. HP: 37/37 MP: 12/12
  3197 | D:4      | Found a sand-covered staircase.
  3205 | Ossuary  | Entered an ossuary
  3205 | Ossuary  | Noticed a wraith
  3205 | Ossuary  | Noticed a wraith
  3205 | Ossuary  | Noticed a wraith
  3211 | Ossuary  | Learned a level 4 spell: Hailstorm
  3364 | Ossuary  | Reached XP level 6. HP: 3/44 MP: 14/14
  3785 | Ossuary  | Noticed a wraith
  3794 | Ossuary  | Killed a wraith
  3795 | Ossuary  | Reached skill level 5 in Dodging
  3972 | Ossuary  | Reached XP level 7. HP: 11/50 MP: 15/15
  4717 | D:4      | Noticed Ijyb
  4725 | D:4      | Killed Ijyb
  5278 | D:5      | Entered Level 5 of the Dungeon
  5399 | D:5      | Reached skill level 5 in Stealth
  5508 | D:5      | Reached XP level 8. HP: 48/57 MP: 16/16
  5841 | D:5      | Noticed Blork the orc
  5848 | D:5      | Killed Blork the orc
  6239 | D:5      | Learned a level 4 spell: Summon Ice Beast
  6437 | D:5      | Got a transparent hunting sling
  6441 | D:5      | Identified the +5 hunting sling of Filigreed Judgement
                  | {venom, *Contam rF++ Int+8} (You found it on level 5 of the
                  | Dungeon)
  6656 | D:6      | Found a staircase to the Ecumenical Temple.
  6672 | Temple   | Entered the Ecumenical Temple
  6814 | Temple   | Became a worshipper of Sif Muna the Loreminder
  7100 | D:6      | Reached XP level 9. HP: 46/65 MP: 14/18
  7606 | D:7      | Found a shimmering altar of Xom.
  7616 | D:7      | Reached * piety under Sif Muna
  8347 | D:7      | Identified the +6 great mace of Soft Tender Mercy {vorpal,
                  | Str+3}
  8347 | D:7      | Noticed a two-headed ogre
  8348 | D:7      | Found a transporter.
  8349 | D:7      | Noticed krigyl's ghost (novice MiFi)
  8350 | D:7      | Found a transporter.
  8818 | D:8      | Reached skill level 5 in Invocations
  8828 | D:8      | Reached ** piety under Sif Muna
  9072 | D:8      | Reached XP level 10. HP: 43/69 MP: 20/20
  9687 | D:8      | Reached skill level 5 in Fighting
  9687 | D:8      | Reached skill level 5 in Short Blades
  9687 | D:8      | Reached skill level 5 in Long Blades
  9687 | D:8      | Reached skill level 5 in Axes
  9687 | D:8      | Reached skill level 5 in Maces & Flails
  9687 | D:8      | Reached skill level 5 in Polearms
  9687 | D:8      | Reached skill level 5 in Staves
  9687 | D:8      | Reached skill level 5 in Slings
  9687 | D:8      | Reached skill level 5 in Bows
  9687 | D:8      | Reached skill level 5 in Crossbows
  9687 | D:8      | Reached skill level 5 in Throwing
  9687 | D:8      | Reached skill level 5 in Armour
  9687 | D:8      | Reached skill level 5 in Shields
  9687 | D:8      | Reached skill level 5 in Unarmed Combat
  9687 | D:8      | Reached skill level 5 in Evocations
 10322 | D:8      | Found Jayquulaje's General Store.
 10325 | D:8      | Bought a potion of curing for 42 gold pieces
 10806 | D:9      | Found a shadowy altar of Dithmenos.
 11211 | D:9      | Reached *** piety under Sif Muna
 11686 | D:10     | Entered Level 10 of the Dungeon
 11687 | D:10     | Noticed a two-headed ogre
 11696 | D:10     | Killed a two-headed ogre
 11878 | D:10     | Noticed an eight-headed hydra
 11888 | D:10     | Killed an eight-headed hydra
 12245 | D:10     | Found a staircase to the Lair.
 12291 | D:10     | Reached XP level 11. HP: 69/81 MP: 22/22
 12741 | D:11     | Noticed an unseen horror
 12752 | D:11     | Killed an unseen horror
 12807 | D:11     | Noticed a death knight
 12824 | D:11     | Reached skill level 5 in Conjurations
 12824 | D:11     | Reached skill level 5 in Hexes
 12824 | D:11     | Reached skill level 5 in Summonings
 12824 | D:11     | Reached skill level 5 in Necromancy
 12824 | D:11     | Reached skill level 5 in Translocations
 12824 | D:11     | Reached skill level 5 in Transmutations
 12824 | D:11     | Reached skill level 5 in Fire Magic
 12824 | D:11     | Reached skill level 5 in Air Magic
 12824 | D:11     | Reached skill level 5 in Earth Magic
 12824 | D:11     | Reached skill level 5 in Poison Magic
 13467 | D:11     | Reached **** piety under Sif Muna
 13521 | Lair:1   | Entered Level 1 of the Lair of Beasts
 13560 | Lair:1   | Noticed a boulder beetle
 13568 | Lair:1   | Killed a boulder beetle
 14840 | Lair:2   | Identified a scroll of acquirement
 14841 | Lair:2   | Acquired the +3 triple sword of Cocytus {venom, rPois
                  | Int+2}
 15953 | Lair:3   | Noticed Fannar
 15983 | Lair:3   | Killed Fannar
 15984 | Lair:3   | Reached XP level 12. HP: 53/89 MP: 22/24
 16234 | Lair:3   | Found a staircase to the Snake Pit.
 16602 | Lair:3   | Noticed a seven-headed hydra
 16658 | Lair:3   | Killed a seven-headed hydra
 16846 | Lair:3   | Found a staircase to the Swamp.
 18237 | Lair:4   | Noticed a death yak
 18237 | Lair:4   | Noticed a death yak
 18237 | Lair:4   | Noticed a death yak
 18247 | Lair:4   | Killed a death yak
 18250 | Lair:4   | Killed a death yak
 18252 | Lair:4   | Killed a death yak
 18958 | Lair:5   | HP: 2/89 [cane toad (5)]
 18961 | Lair:5   | Demolished by a cane toad

Illustrated notes

Levels and vault maps discovered:
D:1:      saegor_arrival_miasma, layout_basic
D:2:      layout_loops_cross
D:3:      layout_basic
D:4:      layout_loops_cross, enter_ossuary_4, uniq_ijyb
D:5:      layout_gridville, uniq_blork_the_orc
D:6:      layout_loops_cross, minmay_temple_entry_slanted
D:7:      layout_cave_pools, gammafunk_ghost_smash, kennysheep_cross_room,
          xom_teletrap_fun
D:8:      layout_basic, serial_shops, kennysheep_mini_moat
D:9:      layout_gridville, kennysheep_little_box
D:10:     layout_irregular_city, dpeg_oklobed_lair
D:11:     minmay_ornate_pinched, layout_irregular_city,
          minmay_orc_entry_guard_dogs, uniq_maurice
Temple:   kilobyte_greek_temple
Lair:1:   layout_chaotic_city, nzn_sisyphean_effort
Lair:2:   layout_hall_layers
Lair:3:   layout_regular_city, swamp_mist, guppyfry_snake_entry_garden,
          chequers_serial_rivers_micro_e, cheibrodos_lair_caveside_slide,
          uniq_fannar
Lair:4:   layout_cave_pods, chequers_serial_rivers_large_b, minivault_19,
          serial_bayou_shore_a
Lair:5:   layout_roguey [special_room_bee], special_room
          [special_room_mythical_zoo], enter_volcano_4, kilobyte_rumbling_trees,
          minmay_lair_oklob_chamber, lemuel_fruit_fields, uniq_rupert

Skill      XL: |  1  2  3  4  5  6  7  8  9 10 11 12 |
---------------+-------------------------------------+-----
Spellcasting   | 5 6 7 8 9 |  9.3
Invocations    | 1 2 3 4 5 6 7 8 |  8.4
Fighting       | 1 2 3 4 5 6 7 |  7.7
Short Blades   | 1 2 3 4 5 6 7 |  7.7
Long Blades    | 1 2 3 4 5 6 7 |  7.7
Axes           | 1 2 3 4 5 6 7 |  7.7
Maces & Flails | 1 2 3 4 5 6 7 |  7.7
Polearms       | 1 2 3 4 5 6 7 |  7.7
Staves         | 1 2 3 4 5 6 7 |  7.7
Slings         | 1 2 3 4 5 6 7 |  7.7
Bows           | 1 2 3 4 5 6 7 |  7.7
Crossbows      | 1 2 3 4 5 6 7 |  7.7
Throwing       | 1 2 3 4 5 6 7 |  7.7
Armour         | 1 2 3 4 5 6 7 |  7.7
Shields        | 1 2 3 4 5 6 7 |  7.7
Unarmed Combat | 1 2 3 4 5 6 7 |  7.7
Evocations     | 1 2 3 4 5 6 7 |  7.7
Conjurations   | 1 2 3 4 5 6 |  6.4
Hexes          | 1 2 3 4 5 6 |  6.4
Summonings     | 1 2 3 4 5 6 |  6.4
Necromancy     | 1 2 3 4 5 6 |  6.4
Translocations | 1 2 3 4 5 6 |  6.4
Transmutations | 1 2 3 4 5 6 |  6.4
Fire Magic     | 1 2 3 4 5 6 |  6.4
Air Magic      | 1 2 3 4 5 6 |  6.4
Earth Magic    | 1 2 3 4 5 6 |  6.4
Poison Magic   | 1 2 3 4 5 6 |  6.4
Dodging        | 5 6 7 8 9 |  9.1
Stealth        | 5 6 7 8 |  8.9
Ice Magic      | 8 9 |  9.6

Action                   |  1- 3 |  4- 6 |  7- 9 | 10-12 || total
-------------------------+-------+-------+-------+-------++-------
Melee: Unarmed           |     8 |       |       |       ||     8
       Hand axe          |    11 |    47 |    90 |       ||   148
       Bite              |     1 |    10 |    14 |    10 ||    35
       Short sword       |     1 |       |       |       ||     1
       Rapier            |       |    13 |    19 |       ||    32
       Punch             |       |       |     4 |       ||     4
       Hunting sling     |       |       |     1 |       ||     1
       Triple sword      |       |       |       |    85 ||    85
 Fire: Hunting sling     |    44 |   142 |   232 |   490 ||   908
 Cast: Freeze            |    19 |     3 |     5 |     1 ||    28
       Frozen Ramparts   |     1 |    12 |    22 |    18 ||    53
       Hailstorm         |       |       |     2 |    21 ||    23
       Summon Ice Beast  |       |       |     4 |    28 ||    32
       Ozocubu's Armour  |       |       |       |     1 ||     1
Invok: Channel Magic     |       |       |       |     3 ||     3
Evoke: Wand              |       |       |       |     1 ||     1
  Use: Scroll            |       |     6 |     4 |    14 ||    24
       Potion            |       |     2 |     2 |     8 ||    12
 Stab: Sleeping          |       |     1 |     3 |       ||     4
       Distracted        |       |       |       |     1 ||     1
Armor: Robe              |     7 |    16 |       |       ||    23
       Leather armour    |       |       |    26 |    71 ||    97
Dodge: Dodged            |    45 |    87 |   118 |   262 ||   512
Block: Other             |       |       |    36 |    82 ||   118
       Reflection        |       |       |     3 |     4 ||     7
       Rpst.: Triple sword |       |       |       |    33 ||    33

Table legend: (Time is in decaauts)
 A = Elapsed time spent in this place.
 B = Non-inter-level travel time spent in this place.
 C = Inter-level travel time spent in this place.
 D = Time resting spent in this place.
 E = Time spent auto-exploring this place.
 F = Levels seen in this place.
 G = Mean time per level.
                   A        B        C        D        E       F      G
               +--------+--------+--------+--------+--------+-----+--------+
         Total |  19102 |  18527 |    575 |   1734 |  14191 |  18 | 1061.2 |
       Dungeon |  11990 |  11548 |    442 |    332 |   9451 |  11 | 1090.0 |
        Temple |    174 |    142 |     32 |      0 |    128 |   1 |  174.0 |
          Lair |   5513 |   5413 |    100 |    710 |   4126 |   5 | 1102.6 |
       Ossuary |   1423 |   1423 |      0 |    692 |    486 |   1 | 1423.0 |
               +--------+--------+--------+--------+--------+-----+--------+

Top non-repeatable levels by time:
     D:8: 1808 daAuts
  Lair:3: 1778 daAuts
 Ossuary: 1423 daAuts
  Lair:4: 1306 daAuts
  Lair:1: 1266 daAuts
     D:5: 1258 daAuts
     D:2: 1194 daAuts
     D:7: 1171 daAuts
     D:9: 1127 daAuts
  Lair:2: 1103 daAuts
     D:1: 1083 daAuts
    D:10: 1076 daAuts
     D:4: 1008 daAuts
     D:6: 883 daAuts
    D:11: 741 daAuts
